 Dungeon Crawl Stone Soup version 0.26-a0-1080-g4c0aae810e (webtiles) character file.

Game seed: 2829587147583636969

1075328 lorenzova the Archmage (level 27, -7/169 HPs)
             Began as a Deep Elf Conjurer on Dec 11, 2020.
             Was the Champion of Vehumet.
             Killed from afar by a Brimstone Fiend (32 damage)
             ... with damnation
             ... on level 7 of the Iron City of Dis on Dec 14, 2020.
             The game lasted 08:36:34 (152053 turns).

lorenzova the Archmage (Deep Elf Conjurer)        Turns: 152053, Time: 08:36:34

Health: -7/169     AC: 27    Str:  9 (10) XL:     27
Magic:  17/56      EV: 27    Int: 38      God:    Vehumet [******]
Gold:   9189       SH: 37    Dex: 30 (31) Spells: 3/80 levels left

rFire    + + +     SeeInvis +   Z - staff of conjuration
rCold    + + .     Faith    .   B - +18 shield of the Gong {rElec rN+ Will+ EV-5}
rNeg     + + +     Spirit   .   L - +1 ring mail "Pastarir" {rC+ Will+ Int-3 Dex+6}
rPois    +         Reflect  +   Q - +3 hat of Impermeability {*Drain rElec rN+++ Stlth+}
rElec    +         Harm     .   T - +5 cloak "Pofef" {Will+ Regen+ Dex+3}
rCorr    .         Rampage  .   P - +2 pair of gloves {Dex+3}
Will     +++++                  G - +2 pair of boots {run}
Stlth    +++.......             r - amulet "Zeecwif" {Reflect rC+ Dex+4 SH+5 SInv}
HPRegen  0.78/turn              Y - ring of Barromn {rPois rF+++ Str+6 Int-3 Stlth+}
MPRegen  0.35/turn              o - ring "Nosse" {Int+7 Dex+2 SInv Stlth-}

@: quick
A: deterioration 1
}: 6/15 runes: barnacled, silver, obsidian, icy, bone, gossamer
a: Renounce Religion


You were on level 7 of the Iron City of Dis.
You worshipped Vehumet.
Vehumet was exalted by your worship.
You visited 16 branches of the dungeon, and saw 81 of its levels.
You also visited: Trove and Bailey.

You collected 13912 gold pieces.
You spent 4723 gold pieces at shops.

Inventory:

Hand Weapons
 K - the +4 long sword of the Smoking Gnat {drain, +Inv MP+9}
   (You found it on level 3 of the Lair of Beasts)

   A truly terrible weapon, it drains the life of those it strikes.
   It affects your magic capacity (+9).
   It lets you turn invisible.
Armour
 p - a +2 ring mail of willpower
 y - a scarf of resistance
 B - the +18 shield of the Gong (worn) {rElec rN+ Will+ EV-5}
   (You found it on level 1 of the Crypt)

   It affects your evasion (-5).
   It insulates you from electricity.
   It protects you from negative energy.
   It affects your willpower, your defense against some magical effects.
 G - a +2 pair of boots of running (worn)
 J - a +2 buckler of cold resistance
 L - the +1 ring mail "Pastarir" (worn) {rC+ Will+ Int-3 Dex+6}
   (You bought it in a shop on level 2 of the Vaults)

   It affects your intelligence (-3).
   It affects your dexterity (+6).
   It protects you from cold.
   It affects your willpower, your defense against some magical effects.
 P - a +2 pair of gloves of dexterity (worn)
 Q - the +3 hat of Impermeability (worn) {*Drain rElec rN+++ Stlth+}
   (You found it on level 2 of the Elven Halls)

   It insulates you from electricity.
   It renders you almost immune to negative energy.
   It causes draining when unequipped.
   It makes you more stealthy.
 T - the +5 cloak "Pofef" (worn) {Will+ Regen+ Dex+3}
   (You found it on level 2 of the Vaults)

   It affects your dexterity (+3).
   It affects your willpower, your defense against some magical effects.
   It increases your rate of regeneration.
 W - the +5 helmet "Bauzolaemn" {rF+ MP+9}
   (You found it in a treasure trove)

   It protects you from fire.
   It affects your magic capacity (+9).
Magical Staves
 M - an uncursed staff of fire
 Z - an uncursed staff of conjuration (weapon)
Jewellery
 a - a +6 ring of intelligence
 o - the ring "Nosse" (right hand) {Int+7 Dex+2 SInv Stlth-}
   (You took it off a skeletal warrior on level 7 of Tartarus)

   [ring of see invisible]

   It affects your intelligence (+7).
   It affects your dexterity (+2).
   It lets you see invisible.
   It makes you less stealthy.
 r - the amulet "Zeecwif" (around neck) {Reflect rC+ Dex+4 SH+5 SInv}
   (You acquired it on level 1 of the Lair of Beasts)

   [amulet of reflection]

   It shields you and reflects attacks.
   It affects your dexterity (+4).
   It protects you from cold.
   It lets you see invisible.
   It affects your SH (+5).
 s - the amulet of Zith {Reflect Int+3 SH+5}
   (You found it in a treasure trove)

   [amulet of reflection]

   It shields you and reflects attacks.
   It affects your intelligence (+3).
   It affects your SH (+5).
 w - an uncursed ring of flight
 R - an uncursed ring of wizardry
 U - an uncursed ring of resist corrosion
 Y - the ring of Barromn (left hand) {rPois rF+++ Str+6 Int-3 Stlth+}
   (You took it off a deep elf sorcerer on level 3 of the Elven Halls)

   [ring of strength]

   It affects your strength (+6).
   It affects your intelligence (-3).
   It renders you almost immune to fire.
   It protects you from poison.
   It makes you more stealthy.
Wands
 g - a wand of acid (23)
 H - a wand of digging (23)
Scrolls
 b - 30 scrolls of remove curse
 c - 11 scrolls of fear
 e - 8 scrolls of enchant armour
 f - 39 scrolls of teleportation
 j - a scroll of blinking
 k - 16 scrolls of amnesia
 q - 12 scrolls of identify
 x - 2 scrolls of holy word
 A - 14 scrolls of magic mapping
 E - 18 scrolls of fog
 O - a scroll of silence
 X - 3 scrolls of summoning
Potions
 d - 9 potions of flight
 h - 8 potions of haste
 i - 5 potions of magic
 l - 4 potions of resistance
 m - 7 potions of ambrosia
 n - 17 potions of brilliance
 u - 34 potions of curing
 v - 8 potions of berserk rage
 z - 10 potions of mutation
 F - 2 potions of cancellation
 I - 11 potions of heal wounds
 S - 4 potions of invisibility
 V - 13 potions of lignification


   Skills:
 + Level 16.5 Fighting
 + Level 18.6 Armour
 + Level 23.1 Dodging
 - Level 2.4 Stealth
 - Level 15.0 Shields
 O Level 27 Spellcasting
 - Level 26.0 Conjurations
 - Level 9.0 Hexes
 - Level 6.0 Translocations
 - Level 26.0 Fire Magic
 - Level 23.0 Ice Magic
 - Level 26.0 Air Magic
 - Level 23.0 Earth Magic


You had 3 spell levels left.
You knew the following spells:

 Your Spells              Type           Power        Failure   Level
a - Magic Dart            Conj           ####         0%          1
b - Searing Ray           Conj           ######       0%          2
c - Iskenderun's Mystic   Conj/Tloc      ########     0%          4
d - Shatter               Erth           ########..   1%          9
e - Ozocubu's Refrigerat  Ice            ########..   0%          6
f - Fireball              Conj/Fire      #########.   0%          5
g - Swiftness             Air            ########     0%          2
i - Ignition              Fire           ########..   1%          8
k - Chain Lightning       Conj/Air       #########.   1%          8
l - Lightning Bolt        Conj/Air       #########.   0%          5
o - Orb of Destruction    Conj           #########.   0%          7
p - Blink                 Tloc           N/A          1%          2
t - Tornado               Air            ########..   1%          9
v - Fire Storm            Conj/Fire      #########.   1%          9

Your spell library contained the following spells:

 Spells                   Type           Power        Failure   Level
 Corona                   Hex            #######      0%          1
 Foxfire                  Conj/Fire      ####         0%          1
 Shock                    Conj/Air       ####         0%          1
 Corpse Rot               Necr/Air       N/A          0%          2
 Ensorcelled Hibernation  Hex/Ice        ######       0%          2
 Poisonous Vapours        Pois/Air       ######       0%          2
 Conjure Flame            Conj/Fire      ########     0%          3
 Dazzling Flash           Conj/Hex       ######       0%          3
 Inner Flame              Hex/Fire       ########     0%          3
 Mephitic Cloud           Conj/Pois/Air  ########     0%          3
 Ozocubu's Armour         Ice            ########     0%          3
 Static Discharge         Conj/Air       ########     0%          3
 Animate Skeleton         Necr           ######       1%          1
 Apportation              Tloc           ######       1%          1
 Beastly Appendage        Tmut           ######       1%          1
 Sting                    Tmut/Pois      ####         1%          1
 Summon Small Mammal      Summ           ####         1%          1
 Call Imp                 Summ           ######..     1%          2
 Slow                     Hex            #######.     1%          2
 Sublimation of Blood     Necr           ######....   1%          2
 Wereblood                Tmut           ######..     1%          2
 Confusing Touch          Hex            #######.     1%          3
 Ignite Poison            Fire/Tmut/Pois #######.     1%          3
 Lesser Beckoning         Tloc           #######...   1%          3
 Spider Form              Tmut/Pois      ######....   1%          3
 Tukima's Dance           Hex            #######.     1%          3
 Airstrike                Air            ########..   0%          4
 Fulminant Prism          Conj/Hex       ########..   0%          4
 Leda's Liquefaction      Hex/Erth       ########..   0%          4
 Sticky Flame             Conj/Fire      ########     0%          4
 Bolt of Magma            Conj/Fire/Erth #########.   0%          5
 Iskenderun's Battlesphe  Conj           ########     0%          5
 Silence                  Hex/Air        ########..   0%          5
 Freezing Cloud           Conj/Ice/Air   #########.   0%          6
 Iron Shot                Conj/Erth      #########.   0%          6
 Starburst                Conj/Fire      #########.   0%          6
 Cause Fear               Hex            #######...   1%          4
 Ice Form                 Ice/Tmut       #######.     1%          4
 Petrify                  Tmut/Erth      #######.     1%          4
 Summon Ice Beast         Ice/Summ       #######.     1%          4
 Borgnjor's Vile Clutch   Necr/Erth      #######...   1%          5
 Irradiate                Conj/Tmut      ########..   1%          5
 Metabolic Englaciation   Hex/Ice        ########..   1%          5
 Simulacrum               Ice/Necr       #######...   1%          6
 Statue Form              Tmut/Erth      #######..    1%          6
 Summon Mana Viper        Hex/Summ       ######..     2%          5
 Invisibility             Hex            #######.     2%          6
 Summon Forest            Summ/Tloc      ######....   5%          5
 Animate Dead             Necr           ######....   6%          4
 Dispel Undead            Necr           ######..     6%          4
 Agony                    Necr           ######..     19%         5
 Alistair's Intoxication  Tmut/Pois      ######...    19%         5
 Blade Hands              Tmut           ######....   19%         5
 Excruciating Wounds      Necr           ######....   19%         5
 Summon Demon             Summ           ######....   19%         5
 Death Channel            Necr           ######....   69%         6
 Eringya's Noxious Bog    Tmut/Pois      ######....   69%         6
 Shadow Creatures         Summ           N/A          69%         6
 Discord                  Hex            #######...   71%         8
 Malign Gateway           Summ/Tloc      ######....   85%         7
 Dragon Form              Tmut           ######....   99%         7
 Haunt                    Necr/Summ      ######....   99%         7
 Monstrous Menagerie      Summ           ######....   99%         7
 Summon Greater Demon     Summ           ######....   99%         7
 Summon Hydra             Summ           ######....   99%         7
 Borgnjor's Revivificati  Necr           ######....   100%        8
 Infestation              Necr           ######....   100%        8
 Necromutation            Tmut/Necr      ######....   100%        8
 Summon Horrible Things   Summ           ######....   100%        8
 Death's Door             Necr           ######....   100%        9
 Dragon's Call            Summ           ######....   100%        9


Dungeon Overview and Level Annotations

Branches:
Dungeon (15/15)            Temple (1/1) D:5            Lair (6/6) D:10
 Shoals (4/4) Lair:3       Spider (4/4) Lair:2        Slime (0/5) Lair:6
    Orc (2/2) D:9             Elf (3/3) Orc:2        Vaults (5/5) D:13
  Crypt (3/3) Vaults:2       Tomb (0/3) Crypt:3      Depths (5/5) D:15
   Hell (visited)             Dis (7/7) Hell            Geh (7/7) Hell
    Coc (7/7) Hell            Tar (7/7) Hell            Zot (4/5) Depths:5
 Bailey (visited)

Altars:
Ashenzari
Cheibriados
Dithmenos
Elyvilon
Fedhas
Gozag
Hepliaklqana
Kikubaaqudgha
Makhleb
Nemelex Xobeh
Okawaru
Qazlal
Ru
Sif Muna
Trog
Uskayaw
Vehumet
Wu Jian
Xom
Yredelemnul
Zin
The Shining One
Beogh

Shops:
D:6 [}([   D:10 ?   D:14 (:[*   D:15 *   Orc:1 *[?=?   Orc:2 ([*:   Elf:3 [
Shoals:2 ?[(:   Shoals:4 *   Vaults:2 [}==   Vaults:5 !   Depths:2 (
Depths:4 }

Portals:
Hell: Depths:1 Depths:2 Depths:3 Depths:4 Depths:5
Abyss: Depths:1* Depths:4
Pandemonium: Depths:1 Depths:2 Depths:3 Depths:5
Ziggurat: Depths:1

Annotations:
Depths:1 2 transporters, Maysuzeg's ghost, adept MiBe


Innate Abilities, Weirdness & Mutations

Your body sometimes deteriorates upon taking damage.


Message History

Vehumet accepts your kill.
You feel your power returning.
The Hell Sentinel is moderately wounded.
Ka-crash!
You hear a deafening roar! x2
The Brimstone Fiend gestures at you.
The sphere of damnation explodes!
The damnation engulfs you!!
* * * LOW HITPOINT WARNING * * *
Your body deteriorates!
You feel clumsy.
The damnation engulfs the Brimstone Fiend.
The Brimstone Fiend completely resists.
Blink to where?
Press: ? - help, Dir - move target
As you read the scroll of blinking, it crumbles to dust.
There is a gateway to Hell here.
The Brimstone Fiend calls on the powers of darkness!
Your body is wracked with pain!
* * * LOW HITPOINT WARNING * * *
The Brimstone Fiend gestures at you.
The sphere of damnation explodes!
The damnation engulfs you!!
You die...

#.........).).........##
#......[)?.[...)........
##.......).#..........Z
##...................)
#.......).#....###..).
#...........1....#....
##).∩..........#.(1....
#..............##..)..[
#.....@................
##.......[.............
#......)..#.......#.#..#
########################


You could see a Brimstone Fiend.

Vanquished Creatures
  Antaeus (Coc:7)
  Asmodeus (Geh:7)
  Mennas (Depths:5)
  5 ancient liches
  47 shard shrikes
  Frederick (Vaults:4)
  2 caustic shrikes (Depths:1)
  Geryon (Hell)
  The ghost of Geloitur the Imperceptible, a veteran SpEE of Dithmenos (Vaults:2)
  17 golden dragons
  2 profane servitors (Crypt:3)
  25 bone dragons
  The ghost of Soefedwy the Stormcaller, a veteran TeCj of Gozag (Depths:3)
  21 doom hounds
  3 electric golems
  5 iron giants
  27 Brimstone Fiends
  The ghost of psellion the Gelid, an adept DrIE of Vehumet (Spider:3)
  49 Tzitzimimeh
  Rupert (Vaults:4)
  30 Ice Fiends
  18 tentacled monstrosities
  Asterion (Depths:2)
  5 Hell Sentinels
  2 deep elf blademasters (Elf:3)
  4 titans (Vaults:5)
  25 liches
  13 quicksilver dragons
  2 deep elf master archers (Elf:3)
  4 sphinxes
  17 ancient champions
  3 Executioners
  13 death cobs
  Polyphemus (Shoals:2)
  18 shadow dragons
  Frances (D:14)
  A kraken (Shoals:4)
  Kirke (D:14)
  Agnes (Vaults:4)
  4 tengu reavers
  10 storm dragons
  Roxanne (Spider:4)
  4 draconian monks
  3 draconian knights
  3 revenants
  A cacodemon (Depths:5)
  12 draconian scorchers
  7 ghost moths
  7 deep elf sorcerers
  15 fire giants
  11 vault wardens
  4 iron dragons
  5 emperor scorpions
  13 frost giants
  2 orc warlords
  24 balrugs
  7 draconian shifters
  A juggernaut zombie (Hell)
  8 ghouls
  A curse skull (Crypt:1)
  4 elemental wellsprings
  4 spriggan defenders
  A caustic shrike zombie (Crypt:2)
  6 deep elf elementalists
  Louise (Spider:1)
  112 reapers
  8 draconian annihilators
  8 ironheart preservers
  11 draconian stormcallers
  A caustic shrike skeleton (Crypt:2)
  19 war gargoyles
  18 very ugly things
  17 vampire knights
  18 stone giants
  9 deep elf demonologists
  14 green draconians
  9 black draconians
  7 white draconians
  A lorocyproca (Dis:1)
  A dire elephant (Lair:6)
  Nessos (Lair:4)
  11 red draconians
  8 purple draconians
  4 deep elf annihilators
  5 entropy weavers
  5 spark wasps
  5 merfolk javelineers
  2 spectral krakens (Tar:7)
  12 ettins
  14 yellow draconians
  11 crystal guardians (Depths:4)
  8 deep elf death magi
  An ettin (shapeshifter) (Depths:1)
  Snorg (Lair:6)
  25 blizzard demons
  19 fire dragons
  An eidolon (Crypt:3)
  16 quicksilver dragon zombies
  18 yaktaur captains
  11 deep elf high priests
  Josephine (D:11)
  The ghost of Ynwesix the Cleaver, a journeyman DDFi of Gozag (D:13)
  15 merfolk impalers
  A mummy priest (Crypt:3)
  20 jiangshi
  47 ice dragons
  33 vault guards
  Fannar (D:12)
  23 ogre magi
  9 great orbs of eyes
  A kraken zombie (Coc:4)
  A spectral tengu (Vaults:2)
  2 merfolk avatars
  5 rakshasas
  11 hydras
  A great orb of eyes (shapeshifter) (Vaults:5)
  A hell beast (Dis:1)
  12 boulder beetles
  3 spriggan air magi (Depths:3)
  2 merfolk aquamancers (Shoals:4)
  4 quicksilver dragon skeletons
  Harold (D:7)
  A juggernaut simulacrum (Depths:3)
  2 catoblepae
  2 death knights
  75 two-headed ogres
  An alligator snapping turtle (Shoals:4)
  3 ghost crabs
  The ghost of Dracia the Impaler, a journeyman MfDe of Okawaru (Lair:2)
  9 centaur warriors
  A two-headed ogre (shapeshifter) (Vaults:4)
  25 dancing weapons
  3 death yaks
  11 deep troll shamans
  A spectral human (Vaults:2)
  3 satyrs (Shoals:3)
  A queen ant (Spider:1)
  17 vampire magi
  44 hell hogs
  7 spriggan berserkers
  A death yak (shapeshifter) (Depths:1)
  9 deep troll earth magi
  6 tengu warriors
  11 titan zombies
  3 orc high priests (Orc:2)
  24 sun demons
  Sonja (Lair:6)
  21 soul eaters
  A spectral yaktaur (Vaults:2)
  11 titan skeletons
  5 iron golems
  10 storm dragon zombies
  4 shadow wraiths (Crypt:3)
  201 skeletal warriors
  25 deep elf knights
  7 iron trolls
  113 hell knights
  28 anaconda zombies
  9 golden dragon zombies
  A spark wasp zombie (Depths:1)
  9 storm dragon skeletons
  A death drake (Tar:2)
  11 sea snakes
  A quicksilver dragon simulacrum (Coc:3)
  30 flayed ghosts
  34 shadow demons
  A torturous demonspawn (Depths:2)
  8 ghost moth zombies
  A deep troll (shapeshifter) (Vaults:4)
  A swamp dragon (Lair:6)
  8 unseen horrors
  25 deep trolls
  3 lindwurms
  14 anaconda skeletons
  2 orange crystal statues
  7 shadow dragon zombies
  30 phantasmal warriors
  19 ironbrand convokers
  9 bog bodies
  7 golden dragon skeletons
  A gelid demonspawn (Depths:2)
  2 wizards
  32 necromancers
  17 orc knights
  65 deep elf magi
  15 wolf spider zombies
  34 wolf spiders
  16 deep elf archers
  5 glowing orange brains
  12 stone giant zombies
  21 orb spiders
  25 harpies
  An eleionoma zombie (Crypt:1)
  7 iron dragon zombies
  6 orc sorcerers
  9 frost giant zombies
  A faun (shapeshifter) (Depths:4)
  11 fauns
  A spectral elf (Vaults:2)
  4 oklob plants (Lair:6)
  A shining eye (shapeshifter) (Depths:2)
  19 fire giant zombies
  A manticore (shapeshifter) (Vaults:5)
  5 cyclopes
  7 iron dragon skeletons
  10 shadow dragon skeletons
  3 large abominations (Depths:4)
  20 manticores
  2 salamanders (Geh:7)
  54 ugly things
  6 shock serpent zombies
  4 ice statues
  28 moths of wrath
  12 dire elephant zombies
  6 elephants
  Joseph (D:7)
  7 merfolk sirens
  9 fire giant skeletons
  17 vault sentinels
  2 titan simulacra
  14 frost giant skeletons
  8 stone giant skeletons
  14 cane toads
  8 smoke demons
  14 molten gargoyles
  15 black mambas
  39 rust devils
  2 storm dragon simulacra
  A gargoyle (D:12)
  10 spectral swamp worms
  An orange demon (Hell)
  A rime drake (shapeshifter) (Depths:3)
  7 torpor snails
  A kobold demonologist (D:15)
  2 catoblepas zombies
  45 hellions
  2 water nymphs (Shoals:3)
  3 yaktaur zombies
  A purple draconian zombie (Crypt:1)
  A redback zombie (Crypt:2)
  6 emperor scorpion zombies
  4 rime drakes
  Maggie (D:6)
  2 spriggan zombies
  9 dire elephant skeletons
  63 yaktaurs
  75 ice devils
  70 freezing wraiths
  17 demonic crawlers
  3 guardian mummies (Crypt:3)
  A pale draconian zombie (Crypt:2)
  55 red devils
  4 anaconda simulacra
  68 tormentors
  14 efreet
  A red draconian skeleton (Crypt:2)
  17 komodo dragons
  3 tengu conjurers
  7 polar bears
  3 catoblepas skeletons
  2 jumping spiders (shapeshifter)
  A death yak skeleton (Crypt:2)
  A troll (shapeshifter) (Vaults:1)
  A hellwing (Depths:5)
  5 human skeletons
  A meliai (shapeshifter) (Depths:1)
  3 spriggan skeletons
  21 hydra zombies
  38 jumping spiders
  A polar bear (shapeshifter) (D:13)
  4 harpy skeletons
  37 merfolk
  7 silent spectres
  6 trolls
  A tengu simulacrum (Vaults:2)
  10 alligator zombies
  A wolf spider simulacrum (Vaults:1)
  3 tyrant leeches (Lair:6)
  29 hornets
  24 slime creatures
  The ghost of Lanoc the Digger, an amateur DrEE of Lugonu (D:4)
  10 fire dragon zombies
  7 wind drakes
  Prince Ribbit (D:7)
  19 hydra skeletons
  A raiju (shapeshifter) (D:13)
  11 snapping turtles
  An iron dragon simulacrum (Coc:7)
  13 ice dragon zombies
  3 stone giant simulacra
  12 ettin zombies
  2 fire giant simulacra (Vaults:2)
  24 blink frogs
  13 dream sheep
  5 black mamba zombies
  224 flying skulls
  59 shadows
  9 ettin skeletons
  7 ice dragon skeletons
  3 spriggans
  8 vampires
  6 alligator skeletons
  26 water elementals
  54 redbacks
  26 tarantellas
  Sigmund (D:5)
  2 air elementals
  63 wraiths
  7 fire dragon skeletons
  24 fire elementals
  7 basilisks
  3 black mamba skeletons
  9 wyverns
  34 yaks
  Eustachio (D:5)
  3 hogs (D:14)
  5 fire bats
  5 chaos spawn
  3 steam dragons
  5 wargs
  3 harpy simulacra
  7 vampire mosquitoes
  2 deep troll zombies
  2 merfolk zombies (Dis:6)
  17 water moccasins
  2 faun skeletons
  99 hell hounds
  12 soldier ants
  5 hydra simulacra
  19 cane toad zombies
  4 merfolk skeletons
  A swamp drake (shapeshifter) (Vaults:4)
  2 floating eyes
  A hornet zombie (D:5)
  An infernal demonspawn skeleton (Crypt:1)
  25 ice beasts
  A black bear (Lair:3)
  38 orc warriors
  5 sky beasts
  A swamp drake (Lair:6)
  A tengu (shapeshifter) (Vaults:1)
  25 wolves
  7 cane toad skeletons
  4 small abominations (Depths:4)
  6 swamp dragon zombies
  5 ettin simulacra
  A black mamba simulacrum (Tar:4)
  6 manticore zombies
  An eye of draining (D:13)
  11 phantoms
  58 necrophages
  44 ogres
  5 snapping turtle zombies
  7 boggarts (Depths:2)
  16 centaurs
  12 snapping turtle skeletons
  A blink frog skeleton (Crypt:1)
  5 manticore skeletons
  A rime drake zombie (Crypt:3)
  6 swamp dragon skeletons
  A rime drake skeleton (Crypt:1)
  A big kobold (shapeshifter) (Vaults:1)
  5 human zombies
  A bullfrog (shapeshifter) (Depths:1)
  2 big kobolds
  3 elf zombies
  29 bullfrogs
  3 earth elementals
  2 cane toad simulacra
  A deep troll simulacrum (Vaults:2)
  An elf skeleton (Geh:7)
  4 scorpions
  20 killer bees
  A troll zombie (Tar:4)
  A swamp dragon simulacrum (Coc:7)
  An elf simulacrum (Vaults:2)
  175 wights
  2 electric eels (Lair:5)
  10 crimson imps
  3 bullfrog zombies
  3 human simulacra
  3 quasits
  12 hounds
  A gnoll shaman (D:7)
  2 centaur zombies
  27 orc priests
  8 jellies
  31 orc wizards
  2 bullfrog skeletons
  A demonspawn skeleton (Crypt:3)
  28 iron imps
  4 centaur skeletons
  7 iguanas
  A troll simulacrum (Coc:7)
  22 worker ants
  A killer bee zombie (Crypt:1)
  2 ogre zombies
  3 naga zombies
  2 tengu zombies
  A naga skeleton (Geh:5)
  3 ogre skeletons
  2 hound zombies
  2 hound skeletons
  16 mummies
  3 worker ant zombies
  Robin (D:2)
  8 gnolls
  A naga simulacrum (Coc:7)
  15 adders
  28 shadow imps
  31 white imps
  4 ufetubi
  10 oozes
  2 adder skeletons
  3 adder zombies
  4 worms
  The ghost of Dracia the Sneak, a weakling MfDe (D:5)
  2 dart slugs (D:1)
  8 leopard geckos
  111 orcs
  4 ball pythons
  7 bats
  6 giant cockroaches
  20 goblins
  13 hobgoblins
  8 jackals
  6 quokkas
  9 frilled lizards
  A giant cockroach zombie (Crypt:2)
  A gnoll skeleton (Crypt:3)
  2 jackal skeletons
  34 kobolds
  A kobold zombie (Geh:7)
  A leopard gecko zombie (D:8)
  An orc skeleton (Coc:3)
  An orc zombie (Tar:6)
  A quokka zombie (D:6)
  14 rats
  4 crawling corpses (Elf:3)
  156 fire vortices
  4 tentacles
5545 creatures vanquished.

Vanquished Creatures (collateral kills)
  Ereshkigal (Tar:7)
  3 bone dragons
  Jory (Depths:5)
  A Tzitzimitl (Tar:7)
  A lich (Tar:5)
  A titan (Vaults:5)
  An ancient champion (Crypt:3)
  A death cob (Zot:3)
  2 storm dragons
  A shadow dragon (Zot:2)
  3 draconian knights
  2 vault wardens
  A reaper (Hell)
  A green draconian (Zot:1)
  A vampire knight (Crypt:1)
  A black draconian (Depths:5)
  A yellow draconian (Zot:3)
  A kraken zombie (Coc:1)
  2 ice dragons (Coc:7)
  An ogre mage (Vaults:5)
  3 soul eaters
  2 skeletal warriors
  A phantasmal warrior (Crypt:3)
  A moth of wrath (Zot:2)
  2 yaktaurs
  A hydra zombie (Dis:6)
  A hydra skeleton (Tar:3)
  A flying skull (Tar:4)
  2 human simulacra (Vaults:2)
  4 wights
  A shadow imp (Tar:7)
  2 white imps
  An ufetubus (Depths:5)
49 creatures vanquished.

Vanquished Creatures (others)
  A shadow dragon (Tar:6)
  2 fire giants (Depths:2)
  An elemental wellspring (Coc:4)
  5 hell hogs
  A skeletal warrior (Tar:6)
  A tengu zombie (Hell)
  A shock serpent skeleton (Geh:7)
  A shadow (Tar:1)
  A phantom (Tar:1)
  An adder (D:7)
  A shadow imp (Tar:1)
  5 ball lightnings (Depths:3)
  2 bushes
  475 fire vortices
  66 fulminant prisms
  72 fungi
  240 plants
  20 tentacles
  9 toadstools (D:2)
  2 withered plants (D:13)
907 creatures vanquished.

Grand Total: 6501 creatures vanquished

Notes
Turn   | Place    | Note
-------+----------+-------------------------------------------
     0 | D:1      | lorenzova the Deep Elf Conjurer began the quest for the
                  | Orb.
     0 | D:1      | Reached XP level 1. HP: 10/10 MP: 6/6
   111 | D:1      | Reached XP level 2. HP: 15/15 MP: 5/8
   114 | D:1      | Learned a level 2 spell: Searing Ray
   453 | D:1      | Reached skill level 4 in Spellcasting
   517 | D:1      | Reached skill level 5 in Conjurations
   517 | D:1      | Reached XP level 3. HP: 19/19 MP: 7/10
  1468 | D:2      | Found an iron altar of Okawaru.
  1478 | D:2      | Reached XP level 4. HP: 24/24 MP: 8/12
  1759 | D:2      | Reached skill level 5 in Spellcasting
  1811 | D:2      | Noticed Robin
  1927 | D:2      | Killed Robin
  2130 | D:2      | Reached XP level 5. HP: 28/28 MP: 9/14
  2496 | D:2      | Found a shimmering blue altar of Sif Muna.
  2723 | D:3      | Reached skill level 6 in Spellcasting
  2765 | D:3      | Reached XP level 6. HP: 31/32 MP: 9/17
  3085 | D:3      | Found a shimmering altar of Xom.
  3916 | D:4      | Reached skill level 7 in Spellcasting
  4132 | D:4      | Reached XP level 7. HP: 14/36 MP: 14/20
  4377 | D:4      | Got a steaming leather armour
  4474 | D:4      | Found a runed translucent door.
  4474 | D:4      | Noticed Lanoc's ghost (amateur DrEE)
  4667 | D:5      | Entered Level 5 of the Dungeon
  4667 | D:5      | Found a staircase to the Ecumenical Temple.
  4669 | D:5      | HP: 1/36 [centaur/arrow (7)]
  4671 | D:5      | Reached skill level 8 in Spellcasting
  4736 | D:5      | Noticed Sigmund
  4748 | D:5      | Found a runed translucent gate.
  4748 | D:5      | Found a runed translucent gate.
  4748 | D:5      | Found a runed translucent gate.
  4750 | Temple   | Entered the Ecumenical Temple
  5039 | Temple   | Identified the +2 leather armour of the Jolly Dancing Orbs
                  | {+Fly Will+ Dex+4} (You found it on level 4 of the Dungeon)
  5458 | D:5      | Killed Sigmund
  5459 | D:5      | Reached skill level 9 in Spellcasting
  5459 | D:5      | Reached XP level 8. HP: 32/41 MP: 18/23
  5861 | D:5      | HP: 2/41 [centaur/arrow (2)]
  6440 | D:5      | Found a bloodstained altar of Trog.
  6482 | D:5      | Noticed Eustachio
  6492 | D:5      | Killed Eustachio
  6493 | D:5      | Reached skill level 10 in Spellcasting
  6770 | D:5      | Identified the +1 chain mail of Qekeru {rC+ rN+ SInv
                  | Stlth-}
  6771 | D:5      | Noticed Dracia's ghost (weakling MfDe)
  6773 | D:5      | Found a roughly hewn altar of Beogh.
  7275 | D:6      | Found Uril's Armour Emporium.
  7401 | D:6      | Learned a level 4 spell: Iskenderun's Mystic Blast
  7406 | D:6      | Learned a level 4 spell: Fulminant Prism
  7448 | D:6      | Noticed Maggie
  7454 | D:6      | HP: 1/41 [Maggie/+1 long sword of draining (2)]
  7460 | D:6      | Killed Maggie
  7461 | D:6      | Reached skill level 11 in Spellcasting
  7461 | D:6      | Reached skill level 10 in Conjurations
  7461 | D:6      | Reached skill level 1 in Hexes
  7461 | D:6      | Reached skill level 1 in Translocations
  7461 | D:6      | Reached XP level 9. HP: 2/45 MP: 11/26
  7799 | D:6      | Found Tyalonat's Weapon Shop.
  7811 | D:6      | Found Qesank's Antique Armour Shop.
  7946 | D:6      | Found Sidielir's Gadget Shoppe.
  8156 | D:7      | Noticed Joseph
  8657 | D:7      | Found a radiant altar of Vehumet.
  8683 | D:7      | Became a worshipper of Vehumet
  8714 | D:7      | Noticed Harold
  8730 | D:7      | Killed Harold
  8731 | D:7      | Reached skill level 12 in Spellcasting
  9020 | D:7      | Killed Joseph
  9021 | D:7      | Reached XP level 10. HP: 23/50 MP: 19/28
  9261 | D:7      | Noticed Prince Ribbit
  9266 | D:7      | Killed Prince Ribbit
  9606 | D:7      | Found a stormy altar of Qazlal.
  9996 | D:8      | Reached * piety under Vehumet
  9996 | D:8      | Offered knowledge of Sandblast by Vehumet.
 10553 | D:8      | Found a shadowy altar of Dithmenos.
 10558 | D:8      | Reached skill level 5 in Hexes
 10891 | D:8      | Reached skill level 13 in Spellcasting
 11087 | D:9      | Found a hide-covered altar of Uskayaw.
 11119 | D:9      | Found a snail-covered altar of Cheibriados.
 11133 | D:9      | Found an opulent altar of Gozag.
 11136 | D:9      | Found a glowing silver altar of Zin.
 11237 | D:9      | Learned a level 2 spell: Blink
 11241 | D:9      | Learned a level 3 spell: Conjure Flame
 11344 | D:9      | Found an ancient bone altar of Kikubaaqudgha.
 11408 | D:9      | Noticed a green ugly thing
 11424 | D:9      | Killed a green ugly thing
 11425 | D:9      | Reached skill level 1 in Fire Magic
 11675 | D:9      | Offered knowledge of Foxfire by Vehumet.
 11675 | D:9      | Reached ** piety under Vehumet
 12255 | D:9      | Found a shimmering blue altar of Sif Muna.
 12260 | D:9      | Offered knowledge of Inner Flame by Vehumet.
 12355 | D:9      | Found a staircase to the Orcish Mines.
 12658 | D:10     | Entered Level 10 of the Dungeon
 12787 | D:10     | Found Imma Quse's Magic Scroll Shop.
 12800 | D:10     | Reached skill level 5 in Translocations
 12835 | D:10     | Bought a scroll of identify for 26 gold pieces
 12835 | D:10     | Bought a scroll of identify for 26 gold pieces
 12835 | D:10     | Bought a scroll of identify for 26 gold pieces
 12835 | D:10     | Bought a scroll of identify for 26 gold pieces
 12857 | D:10     | Reached *** piety under Vehumet
 12974 | D:10     | Reached XP level 11. HP: 54/54 MP: 6/30
 12991 | D:10     | Found a staircase to the Lair.
 13405 | D:10     | Offered knowledge of Stone Arrow by Vehumet.
 13932 | D:11     | Noticed a boulder beetle
 13988 | D:11     | Noticed a brown ugly thing
 13990 | D:11     | Reached **** piety under Vehumet
 14148 | D:11     | Noticed a two-headed ogre
 14156 | D:11     | Killed a two-headed ogre
 14157 | D:11     | Reached skill level 14 in Spellcasting
 14162 | D:11     | Offered knowledge of Iskenderun's Battlesphere by Vehumet.
 14176 | D:10     | Learned a level 5 spell: Iskenderun's Battlesphere
 14265 | D:11     | Noticed Josephine
 14453 | D:11     | Found a flagged portal.
 14462 | Bailey   | Entered a bailey
 15000 | Bailey   | Noticed an orc warlord
 15089 | Bailey   | Noticed an orc knight
 15102 | Bailey   | Killed an orc knight
 15103 | Bailey   | Reached skill level 5 in Fire Magic
 15149 | Bailey   | Found a runed translucent gate.
 15151 | Bailey   | Found a runed translucent gate.
 15193 | Bailey   | Found a runed translucent gate.
 15569 | Bailey   | Killed an orc warlord
 15775 | D:11     | Killed a brown ugly thing
 15832 | D:11     | Killed Josephine
 16066 | D:11     | Learned a level 5 spell: Lightning Bolt
 16069 | D:11     | Learned a level 2 spell: Swiftness
 16119 | D:11     | Killed a boulder beetle
 16311 | D:11     | Reached skill level 1 in Air Magic
 16491 | D:12     | Reached XP level 12. HP: 59/59 MP: 14/32
 16491 | D:12     | Reached ***** piety under Vehumet
 16495 | D:12     | Offered knowledge of Yara's Violent Unravelling by Vehumet.
 16648 | D:12     | Reached skill level 1 in Shields
 16648 | D:12     | Reached skill level 15 in Spellcasting
 16821 | D:12     | Noticed Fannar
 16824 | D:12     | Killed Fannar
 17458 | D:12     | Noticed a tengu warrior
 17465 | D:12     | Killed a tengu warrior
 17904 | Lair:1   | Entered Level 1 of the Lair of Beasts
 18098 | Lair:1   | Noticed a four-headed hydra
 18105 | Lair:1   | Killed a four-headed hydra
 18594 | Lair:1   | Found the +8 whip "Snakebite" {curare, rPois}
 19369 | Lair:1   | Learned a level 5 spell: Fireball
 19599 | Lair:1   | Reached XP level 13. HP: 63/63 MP: 27/34
 19944 | Lair:2   | Found a hole to the Spider Nest.
 19945 | Lair:2   | Offered knowledge of Freezing Cloud by Vehumet.
 20133 | Lair:2   | Reached skill level 5 in Air Magic
 20191 | Lair:2   | Found a runed translucent door.
 20193 | Lair:2   | Noticed Dracia's ghost (journeyman MfDe)
 20276 | Lair:2   | Reached skill level 16 in Spellcasting
 23047 | Lair:3   | Found a staircase to the Shoals.
 23907 | Lair:4   | Noticed Nessos
 23912 | Lair:4   | Killed Nessos
 24015 | Lair:4   | Reached skill level 10 in Fire Magic
 24034 | Lair:4   | Offered knowledge of Iron Shot by Vehumet.
 24729 | Lair:4   | Reached XP level 14. HP: 68/68 MP: 23/36
 25026 | Lair:4   | You fall into a shaft and drop 2 floors!
 25026 | Lair:6   | Entered Level 6 of the Lair of Beasts
 25039 | Lair:5   | Reached skill level 17 in Spellcasting
 25046 | Lair:5   | Reached skill level 15 in Conjurations
 27388 | Lair:6   | Noticed Snorg
 27391 | Lair:6   | Killed Snorg
 27643 | Lair:6   | Found a staircase to the Slime Pits.
 27820 | Lair:6   | Offered knowledge of Bolt of Magma by Vehumet.
 28341 | Lair:6   | Found a runed translucent door.
 29890 | Lair:6   | Reached skill level 18 in Spellcasting
 30188 | Lair:6   | Noticed Sonja
 30189 | Lair:6   | Killed Sonja
 30190 | Lair:6   | Reached XP level 15. HP: 72/72 MP: 22/39
 30501 | Lair:6   | Got a smoking broad axe
 30607 | Lair:3   | Got a slimy long sword
 30608 | Lair:3   | Identified the +6 broad axe of Midnight {pain, *Drain rElec
                  | Str-2 Dex+6} (You found it on level 6 of the Lair of
                  | Beasts)
 30609 | Lair:3   | Identified the +4 long sword of the Smoking Gnat {drain,
                  | +Inv MP+9} (You found it on level 3 of the Lair of Beasts)
 30770 | D:6      | Bought a masterwork helmet for 285 gold pieces
 30770 | D:6      | Identified the +2 helmet "Yclaed" {Dex+3} (You bought it in
                  | a shop on level 6 of the Dungeon)
 30781 | D:6      | Bought a pair of runed gloves for 225 gold pieces
 30943 | Lair:1   | Identified 2 scrolls of acquirement
 30943 | Lair:1   | Acquired an uncursed amulet of magic regeneration
 30950 | Lair:1   | Acquired the amulet "Zeecwif" {Reflect rC+ Dex+4 SH+5 SInv}
 31144 | Orc:1    | Entered Level 1 of the Orcish Mines
 31144 | Orc:1    | Found Voing's Armour Emporium.
 31242 | Orc:1    | Found Eral's Magic Scroll Shoppe.
 31282 | Orc:1    | Found Foenati's Jewellery Boutique.
 31284 | Orc:1    | Found Caudugil's Magic Scroll Shop.
 31298 | Orc:1    | Bought 2 scrolls of teleportation for 78 gold pieces
 31298 | Orc:1    | Bought a scroll of identify for 26 gold pieces
 31298 | Orc:1    | Bought a scroll of teleportation for 39 gold pieces
 31298 | Orc:1    | Bought a scroll of identify for 26 gold pieces
 31298 | Orc:1    | Bought a scroll of identify for 26 gold pieces
 31298 | Orc:1    | Bought a scroll of identify for 26 gold pieces
 31394 | Orc:1    | Found Miuvauqu's General Store.
 31410 | Orc:1    | Bought a scroll of identify for 28 gold pieces
 31410 | Orc:1    | Bought a scroll of identify for 28 gold pieces
 31410 | Orc:1    | Bought a scroll of identify for 28 gold pieces
 31438 | Orc:1    | Found a burning altar of Makhleb.
 31664 | Orc:2    | Entered Level 2 of the Orcish Mines
 31972 | Orc:2    | Found a staircase to the Elven Halls.
 32135 | Orc:2    | Noticed an orc warlord
 32140 | Orc:2    | Killed an orc warlord
 32390 | Orc:2    | Offered knowledge of Starburst by Vehumet.
 33016 | Orc:2    | Found Zoghiuwe's Antique Armour Shop.
 33017 | Orc:2    | Found Utuinosu's Antique Weapon Shop.
 33018 | Orc:2    | Found Xyhif's General Store.
 33018 | Orc:2    | Found Olonatoa's Book Boutique.
 33032 | Orc:2    | Bought a pair of runed gloves for 217 gold pieces
 33278 | D:4      | Killed Lanoc's ghost
 33363 | D:5      | Killed Dracia's ghost
 33654 | Lair:2   | Killed Dracia's ghost
 33798 | Spider:1 | Entered Level 1 of the Spider Nest
 33800 | Spider:1 | Noticed Louise
 34442 | D:13     | Reached skill level 10 in Air Magic
 34637 | D:13     | Offered knowledge of Orb of Destruction by Vehumet.
 35126 | D:13     | Found a gate to the Vaults.
 35337 | D:13     | Found a runed translucent door.
 35337 | D:13     | Noticed Ynwesix's ghost (journeyman DDFi)
 35464 | D:13     | Found a sparkling altar of Nemelex Xobeh.
 35900 | D:13     | Learned a level 7 spell: Orb of Destruction
 36023 | D:13     | Killed Ynwesix's ghost
 36293 | D:14     | Found Zixtaxt's Antique Weapon Boutique.
 36305 | D:14     | Noticed Frances
 36313 | D:14     | Killed Frances
 36520 | D:14     | Found Teareg's Book Emporium.
 36557 | D:14     | Noticed Kirke
 36564 | D:14     | Killed Kirke
 36662 | D:14     | Found Faplupui's Assorted Antiques.
 36735 | D:14     | Found Tuxoujewn's Armour Boutique.
 36745 | D:14     | Bought a +0 pair of boots of running for 409 gold pieces
 37137 | D:15     | Entered Level 15 of the Dungeon
 37148 | D:15     | Reached skill level 19 in Spellcasting
 37407 | D:15     | Found Sadoahia's Mayhem Merchandise.
 37765 | D:14     | Reached XP level 16. HP: 76/76 MP: 25/41
 39009 | D:15     | Offered knowledge of Ignition by Vehumet.
 39186 | D:15     | Learned a level 8 spell: Ignition
 39226 | D:15     | Found a staircase to the Depths.
 39683 | Elf:1    | Entered Level 1 of the Elven Halls
 40004 | Elf:1    | Found a radiant altar of Vehumet.
 42287 | Elf:2    | Found a huge runed translucent gate.
 42287 | Elf:2    | Found a huge runed translucent gate.
 42295 | Elf:2    | Found a huge runed translucent gate.
 42296 | Elf:2    | Found a huge runed translucent gate.
 42296 | Elf:2    | Found a huge runed translucent gate.
 42531 | Elf:2    | Reached skill level 20 in Spellcasting
 42760 | Elf:2    | Got an ancient hat
 42771 | Elf:2    | Identified the +3 hat of Impermeability {*Drain rElec rN+++
                  | Stlth+} (You found it on level 2 of the Elven Halls)
 43170 | Elf:2    | Reached XP level 17. HP: 80/80 MP: 22/43
 43421 | Elf:2    | Reached ****** piety under Vehumet
 43969 | Elf:3    | Entered Level 3 of the Elven Halls
 43984 | Elf:3    | Offered knowledge of Fire Storm by Vehumet.
 43984 | Elf:3    | Offered knowledge of Chain Lightning by Vehumet.
 43984 | Elf:3    | Offered knowledge of Tornado by Vehumet.
 44321 | Elf:2    | Learned a level 8 spell: Chain Lightning
 44559 | D:14     | Bought a manual of Armour for 1104 gold pieces
 44938 | Elf:3    | Found Ixoneur's Antique Armour Shop.
 45090 | Elf:3    | Reached skill level 1 in Armour
 45591 | Elf:3    | Noticed a deep elf blademaster
 45611 | Elf:3    | Killed a deep elf blademaster
 45612 | Elf:3    | Reached skill level 1 in Fighting
 45678 | Elf:3    | Noticed a deep elf master archer
 45682 | Elf:3    | Killed a deep elf master archer
 46151 | Elf:3    | Reached skill level 15 in Fire Magic
 46206 | Elf:3    | Identified the cursed +1 long sword "Killer Bee's Curse"
                  | {freeze, *Rage +Rage +Fly rN+}
 46206 | Elf:3    | Noticed a deep elf master archer
 46208 | Elf:3    | Killed a deep elf master archer
 46209 | Elf:3    | Noticed a deep elf blademaster
 46212 | Elf:3    | Killed a deep elf blademaster
 46220 | Elf:3    | Identified the ring of Barromn {rPois rF+++ Str+6 Int-3
                  | Stlth+}
 46416 | Elf:3    | Identified the +0 robe of Beastly Awe {rElec rPois rC+
                  | SInv}
 46423 | Elf:3    | Reached XP level 18. HP: 89/89 MP: 31/44
 46509 | Elf:3    | Reached skill level 21 in Spellcasting
 47500 | Spider:1 | Killed Louise
 47503 | Spider:1 | Reached skill level 5 in Dodging
 48097 | Spider:1 | You fall into a shaft and drop 1 floor!
 49230 | Spider:2 | Reached skill level 5 in Armour
 50887 | Spider:3 | Found a runed translucent gate.
 50887 | Spider:3 | Found a runed translucent gate.
 50887 | Spider:3 | Found a runed translucent gate.
 50887 | Spider:3 | Noticed psellion's ghost (adept DrIE)
 50903 | Spider:3 | Killed psellion's ghost
 50997 | Spider:4 | Entered Level 4 of the Spider Nest
 51066 | Spider:4 | Identified Roxanne's Incunabulum of Transmigration
 51066 | Spider:4 | Noticed Roxanne
 51080 | Spider:4 | Killed Roxanne
 51652 | Spider:4 | Reached XP level 19. HP: 95/98 MP: 40/46
 53493 | Spider:4 | Got a gossamer rune of Zot
 53732 | Shoals:1 | Entered Level 1 of the Shoals
 54682 | Shoals:2 | Found Podaviy's Magic Scroll Boutique.
 54694 | Shoals:2 | Bought a scroll of teleportation for 42 gold pieces
 54694 | Shoals:2 | Bought a scroll of magic mapping for 49 gold pieces
 54694 | Shoals:2 | Bought a scroll of teleportation for 42 gold pieces
 54857 | Shoals:2 | Found Xestreg's Weapon Emporium.
 55103 | Shoals:2 | Found Enim's Book Shoppe.
 55121 | Shoals:2 | Reached skill level 22 in Spellcasting
 55177 | Shoals:2 | Found Fuun's Antique Armour Boutique.
 55766 | Shoals:3 | Noticed Polyphemus
 55773 | Shoals:2 | Killed Polyphemus
 57388 | Shoals:4 | Entered Level 4 of the Shoals
 57604 | Shoals:4 | Reached skill level 5 in Fighting
 58276 | Shoals:4 | Reached XP level 20. HP: 93/106 MP: 47/48
 58925 | Shoals:4 | Found Laupoeb's General Store.
 59275 | Shoals:4 | Bought a scroll of teleportation for 57 gold pieces
 59275 | Shoals:4 | Bought a scroll of teleportation for 57 gold pieces
 60117 | Shoals:4 | Got a barnacled rune of Zot
 60736 | Depths:1 | Entered Level 1 of the Depths
 60742 | Depths:1 | Reached skill level 15 in Air Magic
 60999 | Depths:1 | Identified the +10 demon whip "Pidghy" {distort, rN+++
                  | Dex+6}
 61003 | Depths:1 | Noticed an ancient lich
 61004 | Depths:1 | You fall into a shaft and drop 1 floor!
 61507 | Depths:2 | Identified the +4 spear "Viakh" {drain, *Drain rC+ Str+10
                  | Dex-4}
 61508 | Depths:2 | Noticed a golden dragon
 62225 | Depths:2 | Found a one-way gate leading to the halls of Pandemonium.
 62351 | Depths:1 | Found a transporter.
 62351 | Depths:1 | Noticed Maysuzeg's ghost (adept MiBe)
 62379 | Depths:1 | Noticed an ancient lich
 62390 | Depths:1 | Noticed a profane servitor
 62821 | Depths:1 | Reached skill level 23 in Spellcasting
 62821 | Depths:1 | Reached XP level 21. HP: 112/112 MP: 2/50
 63202 | Depths:1 | Noticed a caustic shrike
 63571 | Depths:1 | Noticed a golden dragon
 63576 | Depths:1 | Killed a golden dragon
 63585 | Depths:1 | Killed a caustic shrike
 64137 | Depths:1 | Noticed a caustic shrike
 64139 | Depths:1 | Killed a caustic shrike
 64586 | Depths:1 | Found a transporter.
 64621 | Depths:1 | Found a one-way gate to the infinite horrors of the Abyss.
 64650 | Depths:1 | Found a gateway to a ziggurat.
 64650 | Depths:1 | Noticed an ancient lich
 64650 | Depths:1 | Noticed an ancient lich
 64665 | Depths:1 | Killed an ancient lich
 64666 | Depths:1 | Reached skill level 10 in Dodging
 64976 | Depths:1 | Killed an ancient lich
 65033 | Depths:1 | Found a portal to a secret trove of treasure.
 65478 | Depths:1 | Identified the Papyrus of Heat and Calling
 65494 | Depths:1 | Found a gateway to Hell.
 65844 | Depths:1 | Got a warped dagger
 65846 | Depths:1 | Identified the +8 dagger "Pendulum" {venom, rPois rC+} (You
                  | found it on level 1 of the Depths)
 65994 | Depths:1 | Got a steaming ring mail
 66013 | Depths:1 | Identified the +1 ring mail "Boost" {rF+ Str+4 Dex+2} (You
                  | found it on level 1 of the Depths)
 66131 | Depths:1 | Learned a level 9 spell: Fire Storm
 66311 | Depths:2 | Reached skill level 10 in Armour
 66314 | Depths:2 | Killed a golden dragon
 66315 | Depths:2 | Reached XP level 22. HP: 87/120 MP: 3/51
 66684 | Depths:2 | Found Gaelum's Weapon Emporium.
 66797 | Depths:2 | Noticed Asterion
 66800 | Depths:2 | Killed Asterion
 68786 | Depths:3 | Found a transporter.
 68787 | Depths:3 | Noticed Soefedwy's ghost (veteran TeCj)
 68790 | Depths:3 | Found a transporter.
 68792 | Depths:3 | Noticed an ancient lich
 69237 | Vaults:1 | Entered Level 1 of the Vaults
 69307 | Vaults:1 | Reached skill level 24 in Spellcasting
 72675 | Vaults:2 | Found Hibiuropej's Jewellery Boutique.
 72726 | Vaults:2 | Found a staircase to the Crypt.
 72726 | Vaults:2 | Found an ancient bone altar of Kikubaaqudgha.
 72726 | Vaults:2 | Found a basalt altar of Yredelemnul.
 72830 | Vaults:2 | Reached XP level 23. HP: 126/126 MP: 49/53
 73752 | Vaults:2 | Found Aluuse Adghi's Antique Armour Boutique.
 73759 | Vaults:2 | Bought a smoking ring mail for 207 gold pieces
 73759 | Vaults:2 | Bought a heavily runed ring mail for 207 gold pieces
 73759 | Vaults:2 | Bought a pair of glowing gloves for 172 gold pieces
 74010 | Depths:1 | Identified the cursed +1 ring mail of Owkyextu {rN+ Will+
                  | Regen+} (You bought it in a shop on level 2 of the Vaults)
 74011 | Depths:1 | Identified the +1 ring mail "Pastarir" {rC+ Will+ Int-3
                  | Dex+6} (You bought it in a shop on level 2 of the Vaults)
 74311 | Vaults:2 | Found Uwiadgh's Jewellery Shop.
 74618 | Vaults:2 | Found a runed translucent gate.
 74618 | Vaults:2 | Found a runed translucent gate.
 74618 | Vaults:2 | Found a runed translucent gate.
 74619 | Vaults:2 | Noticed Geloitur's ghost (veteran SpEE)
 74925 | Vaults:2 | Found Jikkosk's Gadget Emporium.
 79093 | Vaults:4 | Reached skill level 25 in Spellcasting
 79263 | Vaults:4 | Noticed Agnes
 79266 | Vaults:4 | Killed Agnes
 79271 | Vaults:4 | Noticed Rupert
 79273 | Vaults:4 | Killed Rupert
 79274 | Vaults:4 | Reached XP level 24. HP: 133/133 MP: 44/54
 79317 | Vaults:4 | Noticed Frederick
 79320 | Vaults:4 | Killed Frederick
 79645 | Vaults:4 | Learned a level 9 spell: Tornado
 79778 | Vaults:2 | Killed Geloitur's ghost
 79965 | Vaults:2 | Got a shimmering cloak
 79967 | Vaults:2 | Identified the +5 cloak "Pofef" {Will+ Regen+ Dex+3} (You
                  | found it on level 2 of the Vaults)
 80810 | Depths:4 | Found Qarph's Gadget Emporium.
 80843 | Depths:4 | You fall into a shaft and drop 1 floor!
 80843 | Depths:5 | Entered Level 5 of the Depths
 80881 | Depths:5 | Noticed Jory
 80885 | Depths:5 | Killed Jory
 82746 | Depths:4 | Found a shimmering blue altar of Sif Muna.
 83371 | Depths:5 | Noticed Mennas
 83612 | Depths:5 | Killed Mennas
 84278 | Depths:5 | Found a gate to the Realm of Zot.
 85198 | Crypt:1  | Entered Level 1 of the Crypt
 86196 | Crypt:1  | Found a transporter.
 86200 | Crypt:1  | Found a radiant altar of Vehumet.
 86214 | Crypt:1  | Noticed an ancient lich
 86247 | Crypt:1  | Found the +18 shield of the Gong {rElec rN+ Will+ EV-5}
 86550 | Crypt:2  | Reached XP level 25. HP: 140/140 MP: 42/54
 87746 | Crypt:3  | Entered Level 3 of the Crypt
 87947 | Crypt:3  | Found an ancient bone altar of Kikubaaqudgha.
 88462 | Crypt:3  | Upgraded the game from 0.26-a0-1040-gbe3abf3417 to
                  | 0.26-a0-1053-gaff5f71418
 89031 | Crypt:3  | Reached skill level 26 in Spellcasting
 89913 | Crypt:3  | Identified the +9 mace of Xom's Displeasure {vorpal, rPois
                  | Str+3 Int+3 Dex-4}
 90058 | Crypt:3  | Found an ancient bone altar of Kikubaaqudgha.
 90062 | Crypt:3  | Found a basalt altar of Yredelemnul.
 90098 | Crypt:3  | Identified the Disquisition on Noxious Heat
 90315 | Crypt:3  | Found a staircase to the Tomb.
 90498 | Crypt:3  | Got a twisted dagger
 90499 | Crypt:3  | Identified the +5 dagger of Jebuesub {flame, rElec Str+3}
                  | (You found it on level 3 of the Crypt)
 90560 | Crypt:3  | Got an encrusted flail
 90561 | Crypt:3  | Identified the +6 flail of Eternal War {vorpal, +Fly rC+++
                  | Str-5 Dex+3} (You found it on level 3 of the Crypt)
 90871 | Crypt:1  | Reached skill level 10 in Fighting
 90876 | Crypt:1  | Killed an ancient lich
 91070 | Crypt:1  | Found a transporter.
 91326 | Depths:1 | You paid a toll of 6 scrolls of blinking to enter a
                  | treasure trove
 91327 | Trove    | Entered a treasure trove
 91333 | Trove    | Found the +27 Lear's hauberk
 91338 | Trove    | Got a pitted ruby amulet
 91343 | Trove    | Got a pair of bloodstained gloves
 91352 | Trove    | Got a jewelled helmet
 91359 | Trove    | Identified the +2 pair of gloves of Oblivion {rElec Stlth+}
                  | (You found it in a treasure trove)
 91360 | Trove    | Identified the +5 helmet "Bauzolaemn" {rF+ MP+9} (You found
                  | it in a treasure trove)
 91396 | Depths:1 | Identified the amulet of Zith {Reflect Int+3 SH+5} (You
                  | found it in a treasure trove)
 91723 | Vaults:5 | Entered Level 5 of the Vaults
 91842 | Vaults:5 | Noticed an ancient lich
 91848 | Vaults:5 | Killed an ancient lich
 91849 | Vaults:5 | Reached XP level 26. HP: 123/147 MP: 55/55
 91852 | Vaults:5 | Upgraded the game from 0.26-a0-1053-gaff5f71418 to
                  | 0.26-a0-1060-g086102a3f0
 91862 | Vaults:5 | Upgraded the game from 0.26-a0-1060-g086102a3f0 to
                  | 0.26-a0-1080-g4c0aae810e
 92367 | Vaults:5 | Identified the +4 ring mail of Eternal Vigilance {Str+4
                  | Slay+3}
 92937 | Vaults:5 | Learned a level 9 spell: Shatter
 92987 | Vaults:5 | Identified Usoggah's Guide on the Dislocated Snowflakes
 93038 | Vaults:5 | Reached skill level 27 in Spellcasting
 93161 | Vaults:5 | Reached skill level 1 in Earth Magic
 93578 | Vaults:5 | Found Huqotom's Distillery.
 93587 | Vaults:5 | Bought a potion of cancellation for 152 gold pieces
 93587 | Vaults:5 | Bought a potion of heal wounds for 95 gold pieces
 93696 | Vaults:5 | Identified the Handbook of the Eight Curses
 93704 | Vaults:5 | Identified the Compendium of the Lethal Arsonist
 93705 | Vaults:5 | Found the +7 captain's cutlass {speed, disarm}
 94039 | Vaults:5 | Got a silver rune of Zot
 94615 | Zot:1    | Entered Level 1 of the Realm of Zot
 95020 | Zot:1    | Reached skill level 5 in Earth Magic
 95875 | Zot:1    | Reached skill level 15 in Dodging
 96444 | Zot:1    | Reached XP level 27. HP: 114/155 MP: 22/56
 97792 | Zot:2    | Reached skill level 10 in Earth Magic
102566 | Zot:4    | Identified the Collected Works on Feathery Black Magic
103322 | Zot:4    | Reached skill level 15 in Earth Magic
104078 | Zot:4    | Got a brightly glowing ring mail
104079 | Zot:4    | Identified the cursed +0 ring mail of Old and Reckless
                  | {rPois} (You found it on level 4 of the Realm of Zot)
104250 | Hell     | Entered the Vestibule of Hell
104250 | Hell     | Noticed Geryon
104257 | Hell     | Killed Geryon
104749 | Hell     | Found a gateway to the decaying netherworld of Tartarus.
105124 | Hell     | Found a gateway to the ashen valley of Gehenna.
105281 | Hell     | Found a gateway to the Iron City of Dis.
105557 | Hell     | Found a gateway to the freezing wastes of Cocytus.
105620 | Coc:1    | Entered Level 1 of Cocytus
110165 | Coc:3    | Reached skill level 15 in Armour
113627 | Coc:5    | Learned a level 6 spell: Ozocubu's Refrigeration
113665 | Coc:5    | Reached skill level 1 in Ice Magic
114485 | Coc:7    | Entered Level 7 of Cocytus
114719 | Coc:3    | Reached skill level 5 in Ice Magic
116387 | Coc:6    | Reached skill level 10 in Ice Magic
118505 | Coc:7    | Reached skill level 15 in Ice Magic
119016 | Coc:7    | Identified the +10 plate armour of the Teacher {rN+}
119217 | Geh:1    | Entered Level 1 of Gehenna
120055 | Coc:7    | Noticed Antaeus
121570 | Coc:7    | Killed Antaeus
121657 | Coc:7    | Got a steaming falchion
121713 | Coc:7    | Got an icy rune of Zot
121893 | Hell     | Identified the +3 falchion of Ygei {vorpal, rC+} (You found
                  | it on level 7 of Cocytus)
121934 | Tar:1    | Entered Level 1 of Tartarus
122280 | Depths:3 | Killed an ancient lich
122285 | Depths:3 | Killed Soefedwy's ghost
122693 | Vaults:2 | Bought a +6 ring of intelligence for 994 gold pieces
129588 | Tar:7    | Entered Level 7 of Tartarus
133024 | Tar:6    | You fall into a shaft and drop 1 floor!
133087 | Tar:7    | Got a twitching platinum amulet
133316 | Hell     | Identified the amulet "Muan" {Inacc rF+} (You found it on
                  | level 7 of Tartarus)
136134 | Tar:7    | Noticed Ereshkigal
136159 | Tar:7    | Killed Ereshkigal
136398 | Tar:1    | Gained mutation: Your body sometimes deteriorates upon
                  | taking damage. [a neqoxec]
136406 | Tar:1    | Reached skill level 5 in Shields
137354 | Tar:7    | Identified the ring "Nosse" {Int+7 Dex+2 SInv Stlth-}
138129 | Tar:7    | Identified The Arcane Secrets of Casting
138136 | Tar:7    | Got a bone rune of Zot
139114 | Geh:1    | Reached skill level 10 in Shields
141035 | Geh:1    | Reached skill level 15 in Shields
141160 | Geh:7    | Entered Level 7 of Gehenna
142730 | Geh:6    | You fall into a shaft and drop 1 floor!
143612 | Geh:7    | Identified the +7 sceptre of Asmodeus
143612 | Geh:7    | Noticed Asmodeus
143987 | Geh:7    | Killed Asmodeus
144019 | Geh:7    | Got an obsidian rune of Zot
146004 | Dis:1    | Entered Level 1 of the Iron City of Dis
146273 | Dis:1    | You fall into a shaft and drop 1 floor!
147257 | Dis:3    | Reached skill level 15 in Fighting
150475 | Dis:7    | Entered Level 7 of the Iron City of Dis
152053 | Dis:7    | Killed from afar by a Brimstone Fiend

Illustrated notes

Levels and vault maps discovered:
D:1:      scummos_arrival_star, layout_loops_ring
D:2:      cheibrodos_fertilizer, layout_rooms, okawaru_trees_1,
          lemuel_blue_sif_altar, uniq_robin
D:3:      layout_basic, nicolae_overflow_crystal_walls
D:4:      layout_cave_pools, ebering_ghost_reflecting_pool, kennysheep_path_1
D:5:      layout_basic, bloody_trog, minmay_temple_entry_mist,
          biasface_ghost_orc_armoury, uniq_eustachio, uniq_sigmund
D:6:      layout_cave_pools, serial_shops, nicolae_shop_window_shopping, shop,
          shop, nicolae_shop_waterfront, uniq_maggie
D:7:      layout_rooms, grunt_qazlal_clouds, lemuel_crystal_altar, uniq_harold,
          uniq_prince_ribbit1, uniq_joseph
D:8:      layout_basic, grunt_dithmenos_shadows
D:9:      layout_irregular_city, kennysheep_mini, kiku_gazebo_pond_becter,
          grunt_temple_overflow_cloverleaf, hiddenorc1_lemuel
D:10:     layout_small_grid, lair_entry_dummy, serial_shops, shop_scrolls
D:11:     layout_rooms, enter_bailey_2, uniq_josephine
D:12:     layout_loops_ring, serial_bayou_pond_d, uniq_fannar
D:13:     layout_layer_cave, skrybe_vaults_entry_preservation,
          gammafunk_ghost_grave, basic_altar
D:14:     layout_roguey, serial_shops, shop, shop, shop,
          nicolae_shop_waterfront, grunt_decor_cap, uniq_kirke, uniq_frances
D:15:     grunt_enter_depths_magical_seal, layout_cave_pods,
          kennysheep_crisscross, minmay_shop_mayhem, nrook_uturn,
          chequers_arboretum
Temple:   eino_temple_lava
Lair:1:   minmay_guarded_unrand_snakebite, layout_hall_layers, lemuel_fruit_tree
Lair:2:   layout_cave_pods, spider_nest_entry_a, ebering_ghost_reflecting_pool,
          infiniplex_staircase_pool, wad_woods_river_01
Lair:3:   layout_gridlike, elwin_shoals_entry_rocks
Lair:4:   layout_layer_cave, uniq_nessos
Lair:5:   layout_gridlike, serial_bayou, serial_bayou_pond_c,
          serial_bayou_ford_a, serial_bayou_pond_d, serial_bayou_pond_e,
          serial_bayou_pond_b, serial_bayou_pond_d,
          nicolae_quartered_pool_medium, beast_lair_carwin_4
Lair:6:   guppyfry_lair_end_dragon, layout_gridlike, wormcave, slime_dummy,
          eino_small_chamber_without_monster, minmay_shattered_shrine,
          minmay_lair_oklob_chamber, uniq_snorg, uniq_sonja
Shoals:1: layout_shoals
Shoals:2: layout_shoals, serial_shops, shop_fountains, shop, nicolae_shop_stone,
          shop
Shoals:3: layout_shoals, uniq_polyphemus
Shoals:4: shoals_end_hangedman, layout_shoals, serial_shops,
          nicolae_shop_temple_entry_statues_fountains
Spider:1: layout_spider_delve, minmay_another_anthill, uniq_louise
Spider:2: layout_spider_delve
Spider:3: layout_spider_delve, ebering_ghost_rock_garden,
          spiders_nest_hornet_nest
Spider:4: grunt_spider_rune_island, uniq_roxanne
Orc:1:    layout_caves, serial_shops, shop, shop, nicolae_shop_trees,
          shop_statue, shop, bloody_makhleb
Orc:2:    st_orc_congregation, layout_caves
Elf:1:    eino_elf_arrival_altar, layout_loops_corners,
          minmay_elf_crystal_hexagon, hangedman_elf_targetted_burst
Elf:2:    layout_loops_corners
Elf:3:    minmay_elf_hall_not_hex, layout_loops_ring, serial_shops,
          nicolae_shop_trees
Vaults:1: hangedman_vaults_locks, nicolae_vaults_twisting_passages,
          nicolae_vaults_yaktaur_gun_rack, v_misc_9,
          nicolae_vaults_windows_and_doors_thing, v_alt_pattern_4,
          nicolae_vaults_ninety_degrees, grunt_vaults_hallway_short,
          nicolae_vaults_little_ls, nicolae_vaults_little_squares_4,
          nicolae_vaults_little_squares_3, layout_vaults_omnibox
Vaults:2: gammafunk_vaults_ghost_necromancy, ontoclasm_vaults_idyll,
          v_pattern_1, minmay_crypt_entry_necro_gods, nicolae_vaults_asterisk,
          nicolae_vaults_big_angled_halls, vaults_standard_mumra_lines,
          vaults_standard_mumra_enter_the_diamond, v_alt_pattern_2,
          nicolae_vaults_little_squares_1, vaults_room_door_ring,
          hangedman_vaults_impose, dpeg_vaults_monster_row,
          nicolae_vaults_little_squares_3, layout_vaults_ring, serial_shops,
          shop, shop_coins, shop_fountains, nicolae_shop_stone
Vaults:3: hangedman_vaults_unwind, hangedman_vaults_stream, grunt_vaults_twisty,
          v_misc_25, v_misc_32, v_pattern_3, ontoclasm_vaults_fault,
          vaults_standard_mumra_x, vaults_mumra_lcd,
          ontoclasm_vaults_loading_screen, v_misc_22, layout_vaults_maze
Vaults:4: nicolae_vaults_network_quinsquares
          [nicolae_vaults_network_quincunx_subvault,
          nicolae_vaults_network_quincunx_subvault,
          nicolae_vaults_network_quincunx_subvault,
          nicolae_vaults_network_quincunx_subvault],
          nicolae_vaults_specimen_jars, v_misc_23, v_misc_30, serial_ice_b,
          nicolae_vaults_shelves_hall, nicolae_vaults_ring_of_whatevers,
          sword_in_stone, layout_vaults_omnigrid, uniq_frederick
Vaults:5
Crypt:1:  gammafunk_sealed_library, layout_misc_corridors, grunt_megastairs_5
Crypt:2:  layout_basic
Crypt:3:  lightli_unholy_cathedral, layout_chaotic_city,
          tomb_entry_moat_badplayer, weyrava_vampire_temple
Depths:1: minmay_four_inscribed_fans, layout_cave_pools, enter_ziggurat_d,
          nicolae_trove_entry_crystal, rand_demon_pan_entry_1, abyss_entry,
          gammafunk_ghost_abyssal_escape, pf_hell_entry_tar_river, minivault_15,
          grunt_ministairs_7
Depths:2: minmay_heptahexagon, layout_cave_shapes, hangedman_decor_points,
          grunt_pan_entry_zigzag, serial_shops, shop,
          pf_vacation_house_of_asmodeus, infiniplex_staircase_pool_2,
          serial_bayou_shore_b, uniq_asterion
Depths:3: minmay_expanding_circles, layout_basic, minmay_misc_feat_tiny,
          pan_entry, gammafunk_ghost_mausoleum, hell_entry,
          kennysheep_generic_room_13
Depths:4: minmay_crystal_thing, layout_gridlike, minmay_room_of_horrors,
          serial_shops, nicolae_shop_waterfront, hell_entry, nicolae_wwwww,
          infiniplex_staircase_spiral_double
Depths:5: grunt_zot_entry_bicorn, layout_gridlike, grunt_pan_entry_spiral,
          lemuel_statue_altar, hell_entry, hangedman_abyss_or_decor_lesser_grid,
          uniq_jory, uniq_margery, uniq_mennas
Hell
Dis:1:    layout_jigsaw, grunt_megastairs_3
Dis:2:    layout_regular_city
Dis:3:    layout_regular_city
Dis:4:    layout_chaotic_city
Dis:5:    layout_subdivisions
Dis:6:    layout_chaotic_city, nicolae_dis_hell_towers
Dis:7:    dis_grunt_layers
Geh:1:    layout_gehenna_pools_box
Geh:2:    layout_gehenna_pools_triple, evilmike_ambush
          [evilmike_ambush_outer_pillars, evilmike_ambush_inner_basic]
Geh:3:    grunt_deathspiral_small, layout_gehenna_lava_caves
Geh:4:    layout_gehenna_pools_box, hangedman_generic_boss_arena
Geh:5:    layout_gehenna_pools_basic
Geh:6:    layout_gehenna_pools_triple
Geh:7:    geh_hangedman
Coc:1:    layout_cocytus_water_paths
Coc:2:    layout_ice_bergs, lemuel_elevator
Coc:3:    layout_ice_bergs
Coc:4:    layout_ice_bergs
Coc:5:    layout_ice_bergs
Coc:6:    layout_ice_bergs
Coc:7:    coc_grunt_cove [coc_grunt_cove_antaeus, coc_grunt_cove_fiend,
          coc_grunt_cove_fiend, coc_grunt_cove_fiend, coc_grunt_cove_fiend]
Tar:1:    layout_cathedral_of_symmetry, evilmike_ambush
          [evilmike_ambush_outer_corners, evilmike_ambush_inner_pond],
          grunt_megastairs_1
Tar:2:    layout_grid_maze
Tar:3:    layout_grid_maze
Tar:4:    layout_grid_maze
Tar:5:    layout_grid_maze
Tar:6:    layout_honeycomb, door_vault
Tar:7:    tar_minmay_river
Zot:1:    lemuel_draconian_sentries, layout_cathedral_of_symmetry,
          grunt_megastairs_4
Zot:2:    layout_twisted_circle, st_stairs_11, grunt_megastairs_2
Zot:3:    layout_cellular_growth, zot_minivault_1
Zot:4:    layout_twisted_circle, hangedman_hellfire_club

Skill      XL: |  1  2  3  4  5  6  7  8  9 10 11 12 13 14 15 16 17 18 19 20 21 22 23 24 25 26 27 |
---------------+----------------------------------------------------------------------------------+-----
Spellcasting   | 4 5 6 7 9 11 12 13 14 15 16 18 19 20 21 22 23 24 25 26 27 | 27.0
Conjurations   | 5 6 7 8 10 11 12 13 14 15 16 17 18 19 20 21 22 23 26 | 26.0
Hexes          | 1 4 6 7 8 9 |  9.0
Translocations | 1 3 5 6 |  6.0
Fire Magic     | 3 6 8 10 11 13 14 15 16 17 18 19 20 21 22 26 | 26.0
Air Magic      | 1 4 7 9 10 12 13 14 15 16 17 18 19 20 26 | 26.0
Shields        | 2 4 15 | 15.0
Armour         | 3 5 7 8 10 11 12 13 18 | 18.6
Fighting       | 2 3 5 6 7 8 9 10 11 16 | 16.5
Dodging        | 4 6 7 9 10 11 12 13 14 15 23 | 23.1
Earth Magic    | 8 23 | 23.0
Ice Magic      | 23 | 23.0
Stealth        | |  2.4

Action                   |  1- 3 |  4- 6 |  7- 9 | 10-12 | 13-15 | 16-18 | 19-21 | 22-24 | 25-27 || total
-------------------------+-------+-------+-------+-------+-------+-------+-------+-------+-------++-------
Melee: Unarmed           |       |     2 |       |       |       |       |       |       |       ||     2
       Hand axe          |       |       |     1 |       |       |       |       |       |       ||     1
       Whip              |       |       |       |       |    45 |    12 |       |       |       ||    57
       Staff             |       |       |       |       |       |     1 |       |       |    41 ||    42
       Long sword        |       |       |       |       |       |    24 |    90 |    26 |    98 ||   238
 Cast: Magic Dart        |    69 |   120 |   116 |   349 |   321 |   211 |    69 |    58 |    53 ||  1366
       Searing Ray       |       |    16 |    55 |    82 |       |       |       |     1 |       ||   154
       Fulminant Prism   |       |       |       |    41 |     6 |     4 |     3 |     4 |     8 ||    66
       Iskenderun's Myst |       |       |       |    51 |   122 |    90 |    59 |   119 |   919 ||  1360
       Iskenderun's Batt |       |       |       |    49 |   106 |    80 |    45 |    37 |    11 ||   328
       Fireball          |       |       |       |     4 |   267 |   209 |   303 |   486 |  1311 ||  2580
       Lightning Bolt    |       |       |       |       |    25 |    30 |    30 |    41 |    80 ||   206
       Blink             |       |       |       |       |     4 |     1 |     3 |       |     5 ||    13
       Conjure Flame     |       |       |       |       |     1 |     1 |       |     1 |       ||     3
       Chain Lightning   |       |       |       |       |       |    40 |   129 |    64 |   185 ||   418
       Ignition          |       |       |       |       |       |    16 |    49 |    39 |     4 ||   108
       Orb of Destructio |       |       |       |       |       |     6 |     6 |    22 |    35 ||    69
       Fire Storm        |       |       |       |       |       |       |     1 |    44 |   613 ||   658
       Swiftness         |       |       |       |       |       |       |     1 |       |     4 ||     5
       Tornado           |       |       |       |       |       |       |       |     2 |   344 ||   346
       Shatter           |       |       |       |       |       |       |       |       |   136 ||   136
       Ozocubu's Refrige |       |       |       |       |       |       |       |       |    12 ||    12
 Abil: Evoke Flight      |       |       |       |       |       |       |     1 |       |       ||     1
Evoke: Wand              |       |       |       |       |       |     2 |    20 |       |    19 ||    41
  Use: Scroll            |       |       |    11 |    10 |    25 |     5 |     4 |     9 |    20 ||    84
       Potion            |       |       |       |       |     2 |     1 |     8 |       |     2 ||    13
 Stab: Sleeping          |       |       |       |       |       |       |       |     1 |       ||     1
Armor: Robe              |     1 |     5 |       |       |       |       |       |       |       ||     6
       Leather armour    |       |       |     2 |       |       |     3 |       |       |       ||     5
       Steam dragon scal |       |       |     3 |    37 |    12 |     2 |       |       |       ||    54
       Ring mail         |       |       |       |       |       |    84 |   154 |    78 |   414 ||   730
Dodge: Dodged            |     5 |    21 |    24 |    55 |    35 |    82 |    87 |    62 |   697 ||  1068
Block: Buckler           |       |       |       |     5 |    45 |    79 |    89 |    60 |   474 ||   752
       Reflection        |       |       |       |       |     5 |     9 |    16 |    28 |    41 ||    99
       Kite shield       |       |       |       |       |       |       |       |       |   257 ||   257
       Rpst.: Long sword |       |       |       |       |       |     3 |    11 |     8 |    91 ||   113

Table legend: (Time is in decaauts) A = Elapsed time spent in this place. B = Non-inter-level travel time spent in this place. C = Inter-level travel time spent in this place. D = Time resting spent in this place. E = Time spent auto-exploring this place. F = Levels seen in this place. G = Mean time per level. A B C D E F G +--------+--------+--------+--------+--------+-----+--------+ Total | 149056 | 129994 | 19062 | 65897 | 41663 | 83 | 1795.9 | Dungeon | 25144 | 21708 | 3436 | 10801 | 8355 | 15 | 1676.3 | Temple | 412 | 412 | 0 | 306 | 51 | 1 | 412.0 | Lair | 14212 | 13462 | 750 | 7078 | 5246 | 6 | 2368.7 | Shoals | 6905 | 6694 | 211 | 3714 | 2030 | 4 | 1726.2 | Spider Nest | 5607 | 5405 | 202 | 2968 | 1688 | 4 | 1401.8 | Orcish Mines | 2271 | 1996 | 275 | 781 | 853 | 2 | 1135.5 | Elven Halls | 7257 | 6546 | 711 | 3298 | 2258 | 3 | 2419.0 | Vaults | 12101 | 11147 | 954 | 5349 | 4148 | 5 | 2420.2 | Crypt | 5675 | 5261 | 414 | 2885 | 1462 | 3 | 1891.7 | Depths | 13956 | 12418 | 1538 | 7023 | 3217 | 5 | 2791.2 | Hell | 13355 | 13032 | 323 | 12066 | 362 | 1 | 13355.0 | Dis | 3547 | 2262 | 1285 | 54 | 850 | 7 | 506.7 | Gehenna | 5028 | 4030 | 998 | 366 | 1976 | 7 | 718.3 | Cocytus | 11915 | 7612 | 4303 | 1695 | 2982 | 7 | 1702.1 | Tartarus | 11300 | 7982 | 3318 | 906 | 4128 | 7 | 1614.3 | Zot | 9048 | 8710 | 338 | 5666 | 1973 | 4 | 2262.0 | Trove | 48 | 48 | 0 | 0 | 0 | 1 | 48.0 | Bailey | 1269 | 1269 | 0 | 934 | 76 | 1 | 1269.0 | +--------+--------+--------+--------+--------+-----+--------+

Top non-repeatable levels by time:
    Hell: 13355 daAuts
   Tar:7: 5462 daAuts
Depths:1: 3810 daAuts
  Lair:2: 3769 daAuts
    D:15: 3635 daAuts
  Lair:6: 3586 daAuts
   Coc:7: 3275 daAuts
Vaults:4: 3084 daAuts
Depths:2: 3046 daAuts
Vaults:2: 2902 daAuts
Depths:5: 2816 daAuts
   Zot:1: 2804 daAuts
Vaults:1: 2753 daAuts
 Crypt:3: 2598 daAuts
   Elf:3: 2580 daAuts
